 Dungeon Crawl Stone Soup version 0.30-b1-2-g02819fbbbe (webtiles) character file.

Game seed: 7164057908239471855

76 Alarkh the Digger (level 4, 30/30 HPs)
             Began as a Demonspawn Earth Elementalist on May 29, 2023.
             Got out of the dungeon alive.
             The game lasted 00:02:42 (1702 turns).

Alarkh the Digger (Demonspawn Earth Elementalist)   Turns: 1702, Time: 00:02:42

Health: 30/30      AC:  2    Str:  9    XL:     4   Next: 12%
Magic:  8/8        EV: 12    Int: 18    God:
Gold:   97         SH:  0    Dex: 13    Spells: 7/8 levels left

rFire   + . .        h - staff of fire
rCold   . . .        (no shield)
rNeg    . . .        a - +0 robe
rPois   .            (no helmet)
rElec   .            (no cloak)
rCorr   .            (no gloves)
SInv    .            (no boots)
Will    .....        m - amulet of magic regeneration
Stlth   ++           (no ring)
HPRegen 0.25/turn    (no ring)
MPRegen 0.51/turn

%: no passive effects
@: no status effects
A: foul stench 1, powered by pain 1
a: no special abilities


You escaped.
You visited 1 branch of the dungeon, and saw 2 of its levels.

You collected 97 gold pieces.

Inventory:

Missiles
 c - 2 poisoned darts
Armour
 a - a +0 robe (worn)
 n - an orb of wrath
Magical Staves
 h - a staff of fire (weapon)
 o - a staff of poison
Jewellery
 e - a ring of ice
 m - an amulet of magic regeneration (around neck)
 r - the Hermit's Pendant {Faith Invo=14 Evo=0 MP+5}
   (You found it on level 2 of the Dungeon)

   [amulet of faith]

   Invo=14: It sets your Invocations skill to 14.
   Evo=0: It sets your Evocations skill to 0.
   It allows you to gain divine favour quickly.
   MP:        It affects your magic capacity (+5).
Scrolls
 d - 4 scrolls of identify {unknown}
 f - 2 scrolls of teleportation {unknown}
 g - a scroll of magic mapping {unknown}
 j - 2 scrolls of amnesia {unknown}
 l - a scroll of acquirement {unknown}
 p - a scroll of enchant armour {unknown}
Potions
 b - a potion of magic
 i - a potion of haste {unknown}
 k - a potion of flight {unknown}
 q - a potion of brilliance {unknown}


   Skills:
 - Level 1.7 Dodging
 - Level 1.7 Stealth
 + Level 2.8 Spellcasting
 - Level 0.8 Transmutations
 * Level 4.0 Earth Magic


You had 7 spell levels left.
You knew the following spells:

 Your Spells              Type           Power      Damage    Failure   Level
a - Sandblast             Erth           34%        2d9       3%          1

Your spell library contained the following spells:

 Spells                   Type           Power      Damage    Failure   Level
 Passwall                 Tmut/Erth      9%         N/A       9%          2
 Stone Arrow              Conj/Erth      18%        3d8       22%         3
 Portal Projectile        Hex/Tloc       4%         N/A       45%         3
 Tukima's Dance           Hex            2%         N/A       45%         3
 Petrify                  Tmut/Erth      11%        N/A       52%         4
 Passage of Golubria      Tloc           2%         N/A       86%         4
 Blade Hands              Tmut           2%         N/A       97%         5
 Yara's Violent Unravell  Hex/Tmut       2%         3d3       98%         5


Dungeon Overview and Level Annotations

Branches:
Dungeon (2/15)

Altars:

Shops:
D:2 [


Innate Abilities, Weirdness & Mutations

You may rarely emit foul miasma when damaged in melee.
You sometimes gain a little power by taking damage.


Message History

Items here: ! )) [[.
Casting: Sandblast (safe; 3% risk of failure)
Confirm with . or Enter, or press ? or * to list all spells.
Aiming: Sandblast (safe; 3% risk of failure)
Press: ? - help, Shift-Dir - straight line, f - kobold
Aim: a kobold, wielding a +0 whip (77% to hit)
The blast of sand hits the kobold but does no damage.
The hobgoblin shouts!
Casting: Sandblast (safe; 3% risk of failure)
Confirm with . or Enter, or press ? or * to list all spells.
Aiming: Sandblast (safe; 3% risk of failure)
Press: ? - help, Shift-Dir - straight line, f/p - kobold
Aim: a kobold, wielding a +0 whip (77% to hit)
The blast of sand hits the kobold!
You kill the kobold!
Casting: Sandblast (safe; 3% risk of failure)
Confirm with . or Enter, or press ? or * to list all spells.
Aiming: Sandblast (safe; 3% risk of failure)
Press: ? - help, Shift-Dir - straight line, f - hobgoblin
Aim: a hobgoblin (82% to hit)
The blast of sand hits the hobgoblin!
You kill the hobgoblin!
Casting: Sandblast (safe; 3% risk of failure)
Confirm with . or Enter, or press ? or * to list all spells.
You can't see any susceptible monsters within range! (Use Z to cast anyway.)
(D) Dungeon
Where to? (Enter - D:2, ? - help)
What level of the Dungeon? (default 1, ? - help)
Items here: )) ††.
You see here a +1 vampiric dagger.
There is a stone staircase leading up here.
You climb upwards.
There is a stone staircase leading down here.
You open the door.
There is an open door here.
There is an open door here.
There is an open door here.
There is a staircase leading out of the dungeon here.
Are you sure you want to leave the Dungeon?
This will make you lose the game!
You have escaped!

#..#
#..#........##.#.......#....
##.#
#..#.#.#..#.##.####.#######.
#.###....#)#..#'##.#....# #...
#...).####.#..#.##.#.########..#
#####......#..#'##........).#.##
#.######..#.#....######.#.##
#..# ####'##.....##....÷..
##.#######...#####.##.#.####
#.#.'.'.'.@.'.'.'......#
#.#.#####...########.######
#.......##'##....(........†
####..>.##.##.####.########
###..##'#..# #.# #####
########...##.#.## #.# #...#
#...........#'#.#####)###.#.#
#.........................#.#
#........########........##.#


There were no monsters in sight!

Vanquished Creatures
  Robin (D:2)
  An adder (D:2)
  2 dart slugs (D:1)
  5 bats
  2 endoplasms (D:1)
  A giant cockroach (D:2)
  8 goblins
  6 hobgoblins
  6 jackals (D:1)
  3 kobolds
  A quokka (D:2)
  4 ball pythons (D:1)
  4 frilled lizards (D:1)
  4 rats (D:1)
48 creatures vanquished.

Notes
Turn   | Place    | Note
-------+----------+-------------------------------------------
     0 | D:1      | Alarkh the Demonspawn Earth Elementalist began the quest
                  | for the Orb.
     0 | D:1      | Reached XP level 1. HP: 13/13 MP: 3/3
   119 | D:1      | Reached skill level 3 in Earth Magic
   120 | D:1      | Gained mutation: You sometimes gain a little power by
                  | taking damage. [demonic ancestry]
   120 | D:1      | Reached XP level 2. HP: 19/19 MP: 0/5
   208 | D:1      | Found a faded altar of an unknown god.
   543 | D:1      | Reached XP level 3. HP: 24/24 MP: 4/6
  1028 | D:2      | Found Lioweh's Armour Shop.
  1296 | D:2      | Found the Hermit's Pendant {Faith Invo=14 Evo=0 MP+5}
  1594 | D:2      | Noticed Robin
  1598 | D:2      | Killed Robin
  1605 | D:2      | Reached skill level 4 in Earth Magic
  1606 | D:2      | Gained mutation: You may rarely emit foul miasma when
                  | damaged in melee. [demonic ancestry]
  1606 | D:2      | Reached XP level 4. HP: 28/30 MP: 6/8
  1702 | D:$      | Got out of the dungeon alive.

Illustrated notes

Levels and vault maps discovered:
D:1:      minmay_arrival_doors, layout_basic, hellmonk_ecumenical_altar_zigzags,
          solitary_fountain, kennysheep_nondescript, minivault_11
D:2:      layout_basic, serial_shops, nicolae_shop_scrapyard, uniq_robin

Skill      XL: |  1  2  3 |
---------------+----------+-----
Earth Magic    | 3 4 |  4.0
Dodging        | |  1.7
Stealth        | |  1.7
Spellcasting   | |  2.8
Transmutations | |  0.8

Action                     |  1- 3 |  4- 6 || total
---------------------------+-------+-------++-------
  Melee: Unarmed           |     6 |       ||     6
         Punch             |     1 |       ||     1
  Throw: Dart              |     2 |       ||     2
   Cast: Sandblast         |    53 |     7 ||    60
 Armour: Robe              |     7 |       ||     7
  Dodge: Dodged            |    18 |       ||    18
